 Dungeon Crawl Stone Soup version 0.31-a0-845-g9abc20d24f (webtiles) character file.

Game seed: 4512429408695347908

35584 Bnni the Jinx (level 14, 0/98 HPs)
             Began as a Formicid Hexslinger on Oct 3, 2023.
             Was an Elder of Hepliaklqana.
             Slain by a sixfirhy (11 damage)
             ... summoned by a kobold demonologist
             ... on level 13 of the Dungeon.
             The game lasted 00:46:33 (13993 turns).

Bnni the Jinx (Formicid Hexslinger)                Turns: 13993, Time: 00:46:36

Health: 0/98       AC:  1    Str: 14    XL:     14   Next: 19%
Magic:  8/26       EV: 11    Int: 13    God:    Hepliaklqana [****..]
Gold:   1133       SH: 10    Dex: 20    Spells: 6/30 levels left

rFire   . . .        C - +0 longbow
rCold   . . .        k - +0 buckler
rNeg    . . .        v - +0 troll leather armour
rPois   +            (helmet unavailable)
rElec   .            (no cloak)
rCorr   .            r - +0 pair of gloves
SInv    +            h - +0 pair of boots
Will    +....        t - amulet of reflection
Stlth   +            D - ring of poison resistance
HPRegen 1.16/turn    A - +4 ring of slaying
MPRegen 0.20/turn

%: reflection
@: corroded, slightly contaminated
A: reduced essence, permanent stasis, dig shafts and tunnels, antennae 3, four
strong arms
a: Dig, Shaft Self, Renounce Religion, Recall Ancestor, Ancestor Identity,
Transference, Idealise


You were on level 13 of the Dungeon.
You worshipped Hepliaklqana.
Hepliaklqana was greatly pleased with you.
You visited 1 branch of the dungeon, and saw 13 of its levels.
You also visited: Bailey.

You collected 1295 gold pieces.
You spent 162 gold pieces at shops.

Inventory:

Hand Weapons
 C - a +0 longbow (weapon)
Missiles
 n - 78 poisoned darts
 K - a curare-tipped dart
Armour
 h - a +0 pair of boots (worn)
 k - a +0 buckler (worn)
 p - a +1 leather armour of cold resistance
 r - a +0 pair of gloves (worn)
 v - a +0 troll leather armour (worn)
 L - a +2 kite shield
Jewellery
 t - an amulet of reflection (around neck)
 x - a ring of protection from cold
 A - a +4 ring of slaying (right hand)
 D - a ring of poison resistance (left hand)
 S - a ring of positive energy
Wands
 q - a wand of roots (6)
 u - a wand of digging (7)
 B - a wand of flame (27)
 H - a wand of polymorph (5)
 O - a wand of charming (5)
Scrolls
 a - a scroll of fog
 b - a scroll of poison
 c - a scroll of immolation
 e - a scroll of silence
 g - 2 scrolls of enchant weapon {unknown}
 j - 5 scrolls of enchant armour
 o - 5 scrolls of revelation
 w - a scroll of vulnerability {unknown}
 y - 2 scrolls of amnesia
 E - 2 scrolls of fear {unknown}
 M - 2 scrolls of brand weapon
 Q - a scroll of torment {unknown}
Potions
 d - 9 potions of curing
 f - 2 potions of lignification {unknown}
 i - 5 potions of heal wounds
 l - 4 potions of enlightenment {unknown}
 m - a potion of mutation {unknown}
 s - 2 potions of might {unknown}
 z - a potion of degeneration {unknown}
 F - a potion of magic {unknown}
 G - a potion of attraction {unknown}
 J - 5 potions of haste {unknown}
 N - a potion of brilliance {unknown}
 R - a potion of ambrosia {unknown}
Miscellaneous
 I - a phantom mirror


   Skills:
 + Level 9.8 Fighting
 * Level 12.3 Ranged Weapons
 - Level 4.0 Armour
 - Level 1.7 Dodging
 + Level 8.9 Spellcasting
 * Level 14.8 Hexes
 - Level 5.0 Translocations
 - Level 1.0 Fire Magic
 + Level 9.4 Invocations


You had 6 spell levels left.
You knew the following spells:

 Your Spells              Type           Power      Damage    Failure   Level
a - Jinxbite              Hex            88%        N/A       1%          2
b - Inner Flame           Hex/Fire       26%        N/A       2%          3
c - Dimensional Bullseye  Hex/Tloc       15%        N/A       3%          4
d - Cause Fear            Hex            22%        N/A       1%          4
i - Yara's Violent Unrav  Hex/Tmut       12%        3d7       28%         5
o - Sigil of Binding      Hex            44%        N/A       1%          3
t - Tukima's Dance        Hex            44%        N/A       1%          3

Your spell library contained the following spells:

 Spells                   Type           Power      Damage    Failure   Level
 Apportation              Tloc           36%        N/A       2%          1
 Lesser Beckoning         Tloc           36%        N/A       4%          2
 Gell's Gravitas          Tloc           18%        N/A       9%          3
 Teleport Other           Tloc           18%        N/A       9%          3
 Leda's Liquefaction      Hex/Erth       12%        N/A       11%         4
 Momentum Strike          Conj/Tloc      24%        3d8       12%         2
 Necrotise                Necr           20%        1d5       22%         1
 Summon Small Mammal      Summ           20%        N/A       22%         1
 Passage of Golubria      Tloc           18%        N/A       28%         4
 Summon Mana Viper        Hex/Summ       25%        N/A       28%         5
 Animate Armour           Summ/Erth      10%        N/A       91%         4
 Petrify                  Tmut/Erth      5%         N/A       91%         4
 Summon Lightning Spire   Summ/Air       5%         N/A       91%         4
 Arcjolt                  Conj/Air       2%         1d12      99%         5
 Iskenderun's Battlesphe  Conj           5%         2d6       99%         5
 Bombard                  Conj/Erth      2%         9d1       100%        6
 Plasma Beam              Fire/Air       3%         2x1d13    100%        6
 Summon Cactus Giant      Summ           2%         N/A       100%        6
 Enfeeble                 Hex            22%        N/A       38%         7
 Haunt                    Necr/Summ      2%         N/A       100%        7
 Spellforged Servitor     Conj/Summ      2%         N/A       100%        7
 Blink                    Tloc           Unusable   N/A       N/A         2
 Vhi's Electric Charge    Tloc/Air       Unusable   N/A       N/A         4

Dungeon Overview and Level Annotations

Branches:
Dungeon (13/15) Temple (0/1) D:6 Lair (0/5) D:8 Orc (0/2) D:10 Vaults (0/5) D:12 D:13 Bailey (visited)

Altars:
Dithmenos
Elyvilon
Hepliaklqana
Kikubaaqudgha
Qazlal
Ru
Trog
Uskayaw
Vehumet
Xom
The Shining One

Shops:
D:3 =   D:8 (

Portals:
Abyss: D:10

Annotations:
D:6 1 runed translucent door, caelrath's ghost, novice OpSh


Innate Abilities, Weirdness & Mutations

Your life essence is reduced to manifest your ancestor. (-10% HP)
You cannot be hasted, slowed, berserked, paralysed or teleported.
You can dig through walls and to a lower floor.
You have a pair of large antennae on your head. (SInv)
Your four strong arms can wield two-handed weapons with a shield.


Message History

Confirm with . or Enter, or press ? or * to list all spells.
Aiming: Yara's Violent Unravelling (dangerous; 28% risk of failure)
Press: ? - help, Dir - move target, f - iron imp
Aim: an iron imp (summoned)
You miscast Yara's Violent Unravelling.
Strange energies run through your body.
You are contaminated with residual magic.
The kobold demonologist casts a spell.
You feel a bit more experienced. The rust devil hits you.
The rust devil corrodes you!
Your life force feels restored.
The hellwing attacks as it pursues you! You block the hellwing's attack.
The hellwing hits you. The hellwing attacks as it pursues you!
The hellwing hits you. x2
You feel less contaminated with magical energies.
The iron imp picks up a beetle and eats it.
The kobold demonologist begins to cast a cantrip, but forgets the words!
You block the sixfirhy's attack. The sixfirhy attacks as it pursues you!
The sixfirhy hits you! The sixfirhy shocks you! The sixfirhy barely misses you.
You block the sixfirhy's attack. The sixfirhy hits you.
The sixfirhy shocks you!
As you read the scroll of summoning, it crumbles to dust.
Wisps of shadow whirl around you... The sixfirhy hits you!
The sixfirhy shocks you!
You swap places.
Your unseen horror hits the hellwing.
Your unseen horror hits the rust devil!
Your rakshasa closely misses the sixfirhy.
Your unseen horror hits the sixfirhy.
Your unseen horror hits the rust devil.
The kobold brigand barely misses your unseen horror.
The rust devil hits your unseen horror.
The rust devil corrodes your unseen horror!
Your rakshasa hits the sixfirhy with a +0 long sword!
Your shadow hits the sixfirhy!
The iron imp disappears in a puff of smoke!
The sixfirhy hits you!
* * * LOW HITPOINT WARNING * * *
The sixfirhy shocks you!
* * * LOW HITPOINT WARNING * * *
You block the sixfirhy's attack. The sixfirhy hits you!
You die...

..#####.....#....#...............
..#...#.....#....##...###########
..#...'..)..#.....'...# ......#
..#...#.....#.....#...# ....{.'
..#...#.....#....[#...# {#
..#####.....#.....#...###########
............##'####4x.z.5........
.#######..............KKK....5...
.#.....#........@3WR.ยง4.###.{....
.#.....###############4.#.####...
.#...................#..#....#...
.#....#############..####....#...
##....#...........#..........####
......#...........#.............#
......###.........#.............#
........#.....)...#.............#
........#.....#####.............#


You could see a skeletal warrior, a hellwing (summoned, ally target), 2 rust
devils, a kobold demonologist, a sixfirhy (summoned, ally target), a kobold
brigand, a friendly rakshasa (summoned), a friendly unseen horror (summoned,
invisible, corroded) and a friendly shadow (summoned).

Vanquished Creatures
  An orc warlord (Bailey)
  The ghost of Heedrag the Martial Artist, a journeyman DsSh of Qazlal (D:10)
  2 centaur warriors
  2 boulder beetles
  2 two-headed ogres
  Amaemon (D:9)
  A skeletal warrior (D:13)
  A wizard (D:11)
  2 orc knights
  4 ugly things
  A manticore (D:11)
  4 cyclopes
  2 toenail golems (D:10)
  2 gargoyles
  3 unseen horrors
  An orange demon (D:9)
  An unseen horror zombie (D:9)
  An efreet (D:11)
  A yaktaur (D:11)
  An ancient zyme (D:10)
  A troll (D:12)
  A hornet (D:8)
  7 slime creatures
  A shadow (D:11)
  A vampire (D:13)
  Sigmund (D:2)
  3 wraiths
  2 yaks (D:11)
  A small abomination (D:10)
  A wyvern (D:10)
  12 humans
  3 steam dragons
  7 redbacks (D:12)
  5 vampire mosquitoes
  Menkaure (D:4)
  2 acid dragons (D:10)
  13 orc warriors
  4 sky beasts
  An ice beast (D:6)
  An ogre (D:4)
  9 centaurs
  5 phantoms
  Blork the orc (D:6)
  5 kobold brigands
  2 bullfrogs
  A gnoll sergeant (D:9)
  A necrophage (D:9)
  A wyvern zombie (D:9)
  3 scorpions
  5 wights
  4 killer bees
  3 howler monkeys
  A lava snake (D:11)
  4 hounds
  A human zombie (D:9)
  7 orc priests
  A gnoll bouda (D:7)
  3 jellies
  2 sleepcaps
  4 iguanas
  13 orc wizards
  A mummy (D:9)
  Robin (D:2)
  A howler monkey zombie (D:9)
  8 adders
  15 gnolls
  A white imp (D:7)
  An ufetubus (D:4)
  A worm (D:4)
  4 dart slugs
  55 orcs
  2 bats (D:1)
  9 endoplasms
  2 giant cockroaches
  19 goblins
  15 hobgoblins
  10 jackals
  2 quokkas
  8 ball pythons
  5 frilled lizards
  23 kobolds
  9 rats
370 creatures vanquished.

Vanquished Creatures (collateral kills)
  A centaur warrior (D:13)
  4 two-headed ogres
  A boulder beetle (D:11)
  A tengu warrior (D:11)
  A komodo dragon (D:12)
  2 unseen horror zombies (D:9)
  An efreet (D:11)
  A troll (D:11)
  A large abomination (D:10)
  4 slime creatures
  A shadow (D:12)
  A wraith (D:13)
  A basilisk (D:10)
  3 yaks (D:11)
  4 humans
  A vampire mosquito (D:12)
  A redback (D:12)
  3 orc warriors
  An ice beast (D:7)
  2 centaurs
  A gnoll sergeant (D:10)
  A necrophage (D:9)
  8 wights
  2 killer bees (D:10)
  A centaur zombie (D:9)
  An orc priest (D:10)
  3 orc wizards
  A mummy (D:9)
  A howler monkey zombie (D:9)
  3 gnolls
  A shadow imp (D:7)
  4 orcs
  4 goblins
  2 hobgoblins (Bailey)
  5 kobolds
73 creatures vanquished.

Vanquished Creatures (others)
  10 dancing weapons
  11 knights
  3 ancestors
24 creatures vanquished.

Grand Total: 467 creatures vanquished

Notes
Turn   | Place    | Note
-------+----------+-------------------------------------------
     0 | D:1      | Bnni the Formicid Hexslinger began the quest for the Orb.
     0 | D:1      | Reached XP level 1. HP: 15/15 MP: 2/2
    66 | D:1      | Reached XP level 2. HP: 15/21 MP: 3/3
    69 | D:1      | Learned a level 2 spell: Jinxbite
   219 | D:1      | Reached skill level 4 in Hexes
   488 | D:1      | Reached XP level 3. HP: 26/26 MP: 5/5
   492 | D:1      | Learned a level 3 spell: Sigil of Binding
   978 | D:2      | Noticed Sigmund
   985 | D:2      | Killed Sigmund
   986 | D:2      | Reached skill level 5 in Hexes
   986 | D:2      | Reached XP level 4. HP: 34/34 MP: 3/7
   986 | D:2      | Reached XP level 5. HP: 39/39 MP: 3/8
   986 | D:2      | Reached XP level 6. HP: 46/46 MP: 3/9
  1233 | D:2      | Noticed Robin
  1242 | D:2      | Killed Robin
  1483 | D:2      | Learned a level 4 spell: Cause Fear
  2019 | D:3      | Found Hoimua's Jewellery Emporium.
  2849 | D:4      | Noticed an ogre
  2865 | D:4      | Killed an ogre
  2866 | D:4      | Reached skill level 6 in Hexes
  2866 | D:4      | Reached XP level 7. HP: 42/51 MP: 6/11
  2967 | D:4      | Found a white marble altar of Elyvilon.
  3322 | D:4      | Noticed Menkaure
  3327 | D:4      | Killed Menkaure
  3359 | D:4      | Learned a level 3 spell: Inner Flame
  3666 | D:4      | Reached skill level 5 in Ranged Weapons
  3706 | D:4      | Found a bloodstained altar of Trog.
  3736 | D:4      | Found a hazy altar of Hepliaklqana.
  3740 | D:4      | Became a worshipper of Hepliaklqana the Forgotten
  3746 | D:4      | Found a shimmering altar of Xom.
  3753 | D:4      | Found a glowing golden altar of the Shining One.
  3768 | D:4      | Reached XP level 8. HP: 53/58 MP: 11/13
  3786 | D:4      | Found a radiant altar of Vehumet.
  3794 | D:4      | Found a hide-covered altar of Uskayaw.
  3799 | D:4      | Found a shadowy altar of Dithmenos.
  3921 | D:5      | Entered Level 5 of the Dungeon
  3934 | D:5      | Reached skill level 7 in Hexes
  3934 | D:5      | Reached skill level 1 in Invocations
  4706 | D:6      | Learned a level 3 spell: Tukima's Dance
  4853 | D:6      | Reached skill level 8 in Hexes
  4853 | D:6      | Reached XP level 9. HP: 32/66 MP: 12/15
  5068 | D:6      | Noticed Blork the orc
  5080 | D:6      | Killed Blork the orc
  5206 | D:6      | Reached * piety under Hepliaklqana
  5395 | D:6      | Found a sacrificial altar of Ru.
  5493 | D:6      | Found a runed translucent door.
  5495 | D:6      | Noticed a cyclops
  5495 | D:6      | Noticed caelrath's ghost (novice OpSh)
  5581 | D:6      | Found a staircase to the Ecumenical Temple.
  5746 | D:7      | Reached skill level 5 in Fighting
  6106 | D:7      | Reached skill level 9 in Hexes
  6354 | D:7      | Reached skill level 5 in Spellcasting
  6536 | D:8      | Reached XP level 10. HP: 66/66 MP: 17/17
  6680 | D:8      | Learned a level 4 spell: Dimensional Bullseye
  6710 | D:8      | Identified the +6 dagger of Internal Strife {spect, rN++}
  6934 | D:8      | Found a staircase to the Lair.
  6971 | D:8      | Found Viutiq's Antique Weapon Emporium.
  6978 | D:8      | Bought a longbow for 162 gold pieces
  7050 | D:8      | Reached ** piety under Hepliaklqana
  7051 | D:8      | Remembered your ancestor Tankster McGee as a knight
  7392 | D:9      | Reached skill level 10 in Hexes
  7436 | D:9      | Reached skill level 5 in Invocations
  7541 | D:9      | Found a flagged portal.
  7546 | D:9      | Reached skill level 1 in Translocations
  7552 | Bailey   | Entered a bailey
  8297 | Bailey   | Noticed an orc warlord
  8308 | Bailey   | Killed an orc warlord
  8309 | Bailey   | Reached skill level 1 in Armour
  8309 | Bailey   | Reached XP level 11. HP: 74/74 MP: 1/20
  8378 | Bailey   | Identified the amulet "Furecun" {Reflect Will- MP+9 Int+2
                  | SH+5}
  8452 | D:9      | Acquired a book of Misfortune
  8478 | D:9      | Noticed Amaemon
  8482 | D:9      | Reached skill level 11 in Hexes
  8504 | D:9      | Killed Amaemon
  8958 | D:9      | Reached *** piety under Hepliaklqana
  8995 | D:9      | Noticed a two-headed ogre
  9000 | D:9      | Killed a two-headed ogre
  9127 | D:9      | Found a stormy altar of Qazlal.
  9472 | D:9      | Found an ancient bone altar of Kikubaaqudgha.
  9613 | D:10     | Entered Level 10 of the Dungeon
  9613 | D:10     | Noticed a brown ugly thing
  9635 | D:10     | Noticed a toenail golem
 10054 | D:10     | Acquired the Discourse on Tectonic Accompaniment
 10247 | D:10     | Found a transporter.
 10259 | D:10     | Found a one-way gate to the infinite horrors of the Abyss.
 10259 | D:10     | Noticed Heedrag's ghost (journeyman DsSh)
 10260 | D:10     | Noticed a toenail golem
 10274 | D:10     | Found a transporter.
 10387 | D:10     | Found a staircase to the Orcish Mines.
 10487 | D:10     | Killed Heedrag's ghost
 10488 | D:10     | Reached XP level 12. HP: 81/81 MP: 19/22
 10490 | D:10     | Reached skill level 12 in Hexes
 10514 | D:10     | Reached skill level 10 in Ranged Weapons
 10740 | D:11     | Noticed a two-headed ogre
 10742 | D:11     | Noticed a boulder beetle
 10968 | D:11     | Killed a boulder beetle
 10986 | D:11     | Noticed a two-headed ogre
 10999 | D:11     | Killed a two-headed ogre
 11059 | D:11     | Killed a two-headed ogre
 11168 | D:11     | Noticed a boulder beetle
 11193 | D:11     | Noticed a tengu warrior
 11195 | D:11     | Reached skill level 13 in Hexes
 11195 | D:11     | Killed a tengu warrior
 11201 | D:11     | Reached XP level 13. HP: 89/89 MP: 15/24
 11984 | D:12     | Reached **** piety under Hepliaklqana
 12081 | D:12     | Reached skill level 5 in Translocations
 12354 | D:12     | Reached skill level 14 in Hexes
 12687 | D:12     | Learned a level 5 spell: Yara's Violent Unravelling
 12688 | D:13     | Noticed a centaur warrior
 12688 | D:13     | Noticed a centaur warrior
 12688 | D:13     | Noticed a centaur warrior
 12688 | D:13     | Found a gate to the Vaults.
 12697 | D:13     | Killed a centaur warrior
 12722 | D:12     | Killed a centaur warrior
 12974 | D:13     | Killed a centaur warrior
 13136 | D:13     | Reached XP level 14. HP: 97/97 MP: 22/26
 13993 | D:13     | Slain by a sixfirhy

Illustrated notes

Levels and vault maps discovered:
D:1:      giann_wishing_wells, layout_basic
D:2:      layout_rooms, uniq_sigmund, uniq_robin
D:3:      layout_basic, serial_shops, nicolae_shop_real_fake_doors,
          chequers_serial_rivers_room_b, chequers_arboretum
D:4:      layout_loops_ring, grunt_temple_overflow_octagram,
          amcnicky_altar_gilded, uniq_menkaure
D:5:      layout_cave_pools
D:6:      layout_basic, kennysheep_mini, minmay_temple_entry_offerings,
          ebering_ghost_inner_flame, uniq_blork_the_orc
D:7:      layout_loops_ring
D:8:      layout_basic, lair_entry_dummy, serial_shops, shop
D:9:      layout_irregular_city, lemuel_mausoleum_altar_kikubaaqudgha,
          mainiacjoe_overflow_small_starburst, enter_bailey_3, uniq_amaemon
D:10:     layout_cave_pools, orc_0_dummy, gammafunk_ghost_abyssal_escape
D:11:     minmay_the_grid_plus_closed [minmay_the_grid_medium_cups,
          minmay_the_grid_dragon_b, minmay_the_grid_all_tris,
          minmay_the_grid_empty, minmay_the_grid_prize_four_corners],
          layout_cross, minmay_misc_feat_five, nicolae_lava_and_water
D:12:     layout_roguey, drop_trap, grunt_ministairs_10
D:13:     layout_irregular_city, david_vaults_3, serial_shops,
          nicolae_shop_rolled_up

Skill      XL: |  1  2  3  4  5  6  7  8  9 10 11 12 13 |
---------------+----------------------------------------+-----
Hexes          | 4 5 6 8 9 10 11 13 14 | 14.8
Fighting       | 2 3 4 5 6 7 8 9 |  9.8
Ranged Weapons | 3 4 5 6 7 8 9 10 12 | 12.3
Spellcasting   | 2 3 4 5 6 7 8 |  8.9
Invocations    | 2 4 5 6 7 9 |  9.4
Translocations | 2 3 4 5 |  5.0
Armour         | 1 3 4 |  4.0
Dodging        | |  1.7
Fire Magic     | |  1.0

Action                     |  1- 3 |  4- 6 |  7- 9 | 10-12 | 13-15 || total
---------------------------+-------+-------+-------+-------+-------++-------
  Melee: Unarmed           |       |       |       |     3 |       ||     3
   Fire: Sling             |   101 |   105 |   182 |       |       ||   388
         Orcbow            |       |       |   165 |   179 |       ||   344
         Longbow           |       |       |       |   287 |   264 ||   551
   Cast: Jinxbite          |     2 |     9 |    29 |     8 |     5 ||    53
         Sigil of Binding  |       |     1 |     2 |     7 |     3 ||    13
         Tukima's Dance    |       |       |     3 |    33 |    16 ||    52
         Inner Flame       |       |       |     5 |    16 |    12 ||    33
         Cause Fear        |       |       |       |    11 |    21 ||    32
         Dimensional Bulls |       |       |       |       |     1 ||     1
 Invoke: Ancestor Identity |       |       |     1 |       |       ||     1
         Ancestor Life: Kn |       |       |       |     1 |       ||     1
         Recall Ancestor   |       |       |       |     2 |     2 ||     4
         Transference      |       |       |       |       |     1 ||     1
Ability: Dig               |       |       |       |     1 |     1 ||     2
    Use: Scroll            |       |       |     4 |     5 |     6 ||    15
         Potion            |       |       |       |       |     2 ||     2
 Armour: Robe              |    14 |    35 |    73 |     3 |       ||   125
         Leather armour    |       |       |       |    89 |     8 ||    97
         Skin              |       |       |       |     2 |       ||     2
         Troll leather arm |       |       |       |       |   113 ||   113
  Dodge: Dodged            |    17 |    29 |    69 |    61 |    49 ||   225
  Block: Buckler           |       |     5 |    46 |    78 |    68 ||   197
         Reflection        |       |       |     6 |     7 |     6 ||    19

Table legend: (Time is in decaauts)
 A = Elapsed time spent in this place.
 B = Non-inter-level travel time spent in this place.
 C = Inter-level travel time spent in this place.
 D = Time resting spent in this place.
 E = Time spent auto-exploring this place.
 F = Levels seen in this place.
 G = Mean time per level.
                   A        B        C        D        E       F      G
               +--------+--------+--------+--------+--------+-----+--------+
         Total |  14290 |  13880 |    410 |   2375 |   8337 |  14 | 1020.7 |
       Dungeon |  13373 |  12963 |    410 |   1866 |   8266 |  13 | 1028.7 |
        Bailey |    917 |    917 |      0 |    509 |     71 |   1 |  917.0 |
               +--------+--------+--------+--------+--------+-----+--------+

Top non-repeatable levels by time:
     D:9: 1618 daAuts
     D:3: 1321 daAuts
    D:11: 1165 daAuts
     D:4: 1151 daAuts
     D:6: 1128 daAuts
    D:12: 1126 daAuts
    D:10: 1069 daAuts
    D:13: 926 daAuts
  Bailey: 917 daAuts
     D:1: 877 daAuts
     D:7: 847 daAuts
     D:8: 835 daAuts
     D:5: 660 daAuts
     D:2: 643 daAuts
